AoeStats
← DIMARCO7988

Fortress

509782271Analyzed
3v3 RM · 4d ago on Sep 28, 2026· 27m 26s· 6 players
Game mode
Random Map
Map size
Large (8 player)
Population
200
Speed
Normal
Resources
Standard
Victory
Conquest
Starting age
Dark Age
Ending age
Imperial Age
RankedLock teamsTeams togetherTeam positionsShared explorationLock speedFull tech treeHidden civsTurbo modeCheats
Victory
Defeat
🇨🇱 Magyars · Chile
1017
+12
🇨🇱 Varangians · Chile
885
+17
🇨🇱 Saracens · Chile
881
+17
🇨🇴 Franks · Colombia
942
-16
🇨🇴 Britons · Colombia
904
-15
🇨🇴 Goths · Colombia
900
-15
ELiTe Gingla
5:27 Loom
8:52 Feudal Age
9:28 Double-Bit Axe
15:06 Castle Age
15:25 Crossbowman
mdcuellar3
2:23 Loom
6:59 Feudal Age
13:50 Horse Collar
16:14 Double-Bit Axe
19:22 Castle Age
17:32 Gold Mining
19:33 Stone Mining
21:16 Wheelbarrow
21:17 Heavy Plow
23:34 Bow Saw
DIMARCO7988
10:12 Feudal Age
10:56 Double-Bit Axe
14:01 Castle Age
CristianBastias
7:58 Feudal Age
7:43 Loom
10:18 Double-Bit Axe
12:53 Castle Age
11:29 Fletching
11:36 Horse Collar
12:52 Forging
22:16 Wheelbarrow
24:55 Gold Mining
25:17 Bloodlines
Hisoku
7:54 Feudal Age
8:41 Double-Bit Axe
8:38 Horse Collar
15:17 Castle Age
14:14 Bloodlines
15:06 Scale Barding Armor
16:03 Corvinian Army
16:37 Husbandry
17:24 Bow Saw
17:16 Heavy Plow
17:56 Wheelbarrow
19:16 Hand Cart
19:49 Town Watch
19:50 Loom
24:19 Chain Barding Armor
27:29 Town Patrol
Codicia01
1:23 Loom
7:53 Feudal Age
8:38 Double-Bit Axe
12:51 Castle Age
11:02 Horse Collar
11:52 Forging
12:21 Scale Barding Armor
13:26 Wheelbarrow
14:25 Iron Casting
17:02 Bow Saw
19:14 Heavy Plow
19:44 Town Watch
19:51 Stone Mining
23:59 Stone Shaft Mining
23:14 Gold Mining
25:38 Chain Barding Armor
25:41 Hand Cart
Connection lost

Rejoining the realm…

Still unreachable

The connection could not be restored.

Session expired

The server has moved on; the page needs a fresh start.